 Dungeon Crawl Stone Soup version 0.28.0-47-ge53b351184 (webtiles) character file.

Game seed: 2001871934604056989

333 Descartes the Chopper (level 6, 0/44 HPs)
             Began as a Formicid Warper on May 6, 2022.
             Succumbed to a gnoll shaman's poison
             ... on level 4 of the Dungeon.
             The game lasted 00:06:16 (4900 turns).

Descartes the Chopper (Formicid Warper)             Turns: 4900, Time: 00:06:17

Health: 0/44       AC: 10    Str: 18    XL:     6   Next: 82%
Magic:  9/9        EV: 10    Int: 18    God:
Gold:   145        SH:  4    Dex: 10    Spells: 9/9 levels left

rFire   . . .      SeeInvis +   a - +0 hand axe
rCold   . . .      Faith    .   f - +0 buckler
rNeg    . . .      Spirit   .   b - +3 ring mail
rPois   .          Reflect  .   (helmet unavailable)
rElec   .          Harm     .   o - +0 cloak
rCorr   .          Rampage  .   (no gloves)
Will    .....                   (no boots)
Stlth   ..........              (no amulet)
HPRegen 0.14/turn               p - +6 ring of intelligence
MPRegen 0.11/turn               (no ring)

@: lethally poisoned (0 -> -6)
A: permanent stasis, dig shafts and tunnels, antennae 3, four strong arms
a: Dig, Shaft Self


You were on level 4 of the Dungeon.
You visited 1 branch of the dungeon, and saw 4 of its levels.

You collected 145 gold pieces.

Inventory:

Hand Weapons
 a - a +0 hand axe (weapon)
Missiles
 c - 5 boomerangs of dispersal (quivered)
 e - 87 stones
 j - a throwing net
 l - 3 boomerangs
 n - 6 curare-tipped darts
Armour
 b - a +3 ring mail (worn)
 f - a +0 buckler (worn)
 o - a +0 cloak (worn)
Jewellery
 k - a ring of ice
 p - a +6 ring of intelligence (left hand)
Scrolls
 d - 2 scrolls of blinking {unknown}
 h - 2 scrolls of identify {unknown}
 i - a scroll of enchant weapon {unknown}
 q - a scroll of torment {unknown}
Potions
 g - a potion of curing {unknown}
 m - a potion of brilliance {unknown}


   Skills:
 - Level 2.1 Fighting
 + Level 4.0 Axes
 - Level 1.0 Throwing
 + Level 3.8 Armour
 - Level 1.7 Dodging
 + Level 3.4 Shields
 - Level 2.1 Spellcasting
 + Level 3.6 Translocations


You had 9 spell levels left.
You didn't know any spells.
Your spell library contained the following spells:

 Spells                   Type           Power      Damage    Failure   Level
 Gell's Gravitas          Tloc           14%        N/A       26%         3
 Lesser Beckoning         Tloc           14%        N/A       26%         3
 Teleport Other           Tloc           14%        N/A       26%         3
 Manifold Assault         Tloc           14%        N/A       94%         5
 Blink                    Tloc           Unusable   N/A       N/A         2

Dungeon Overview and Level Annotations

Branches:
Dungeon (4/15)
 Temple: D:4-7

Altars:

Shops:
D:1 *   D:2 *   D:3 (


Innate Abilities, Weirdness & Mutations

You cannot be hasted, slowed, berserked, paralysed or teleported.
You can dig through walls and to a lower floor.
You have a pair of large antennae on your head. (SInv)
Your four strong arms can wield two-handed weapons with a shield.


Message History

The gnoll shaman hits you but does no damage.
The gnoll closely misses you.
You hit the gnoll.
The gnoll is moderately wounded.
You hit the gnoll but do no damage. You closely miss the gnoll shaman.
You feel sick. You block the gnoll's attack.
The gnoll shaman completely misses you. The gnoll hits you with a +0 flail!
The gnoll hits you with a +0 flail.
The gnoll shaman invokes the aid of its god against you.
You resist with some effort.
You hit the gnoll.
The gnoll is heavily wounded.
You hit the gnoll shaman but do no damage.
You barely miss the gnoll.
You feel sick. The gnoll hits you with a +0 flail.
* * * LOW HITPOINT WARNING * * *
You block the gnoll's attack. The gnoll shaman barely misses you.
Unknown command.
You barely miss the gnoll.
The gnoll is heavily wounded.
You barely miss the gnoll shaman. You hit the gnoll.
You kill the gnoll!
You feel sick.
You are no longer poisoned.
The gnoll closely misses you.
The gnoll shaman hits you with a +1 whip of venom.
* * * LOW HITPOINT WARNING * * *
You are lethally poisoned!
Your Axes skill increases to level 4!
You hit the gnoll shaman.
The gnoll shaman is severely wounded.
You barely miss the gnoll.
* * * LOW HITPOINT WARNING * * *
You feel very sick. The gnoll barely misses you.
The gnoll shaman prays to its god.
The gnoll shaman is healed somewhat.
You slash the gnoll shaman!
The gnoll shaman is almost dead.
You hit the gnoll.
You die...

#...............##...
#####..............##..#
#..................#....
#.......................
##......................
#....#..................
###................###.#
##..................##...
#......)@.....)#.........
#..#...gg)..#..#.........
####.##.....#<..#..†.....
###....##.............
#............###....
##......#......#....
#[.........#.......
......##...##.##...
...............#...


You could see a gnoll shaman and a gnoll.

Vanquished Creatures
  An ice beast (D:2)
  A centaur skeleton (D:3)
  A jelly (D:4)
  7 gnolls
  2 adders
  3 worms
  3 dart slugs
  2 orcs
  3 endoplasms
  2 giant cockroaches
  7 goblins
  10 hobgoblins
  4 jackals (D:3)
  10 kobolds
  6 quokkas
  7 ball pythons
  5 bats
  4 frilled lizards
  4 rats
82 creatures vanquished.

Vanquished Creatures (others)
  6 plants (D:4)
6 creatures vanquished.

Grand Total: 88 creatures vanquished

Notes
Turn   | Place    | Note
-------+----------+-------------------------------------------
     0 | D:1      | Descartes the Formicid Warper began the quest for the Orb.
     0 | D:1      | Reached XP level 1. HP: 16/16 MP: 3/3
    91 | D:1      | Reached XP level 2. HP: 18/22 MP: 5/5
   483 | D:1      | Reached XP level 3. HP: 3/27 MP: 6/6
   772 | D:1      | Found Kuot's General Store.
   896 | D:1      | Reached skill level 1 in Shields
  1246 | D:1      | Found a faded altar of an unknown god.
  1990 | D:2      | Reached XP level 4. HP: 28/33 MP: 7/7
  2243 | D:2      | Found Isaecae's Assorted Antiques.
  2451 | D:2      | Reached skill level 3 in Axes
  3086 | D:3      | Noticed an ice beast
  3363 | D:2      | Killed an ice beast
  3364 | D:2      | Reached XP level 5. HP: 9/38 MP: 8/8
  3661 | D:3      | Reached XP level 6. HP: 43/44 MP: 9/9
  3740 | D:3      | Found Koephek's Weapon Boutique.
  4899 | D:4      | Reached skill level 4 in Axes
  4899 | D:4      | HP: 2/44 [poisoned by a gnoll shaman]
  4900 | D:4      | Succumbed to a gnoll shaman's poison

Illustrated notes

Levels and vault maps discovered:
D:1:      scummos_arrival_checkerplants, layout_basic, serial_shops,
          nicolae_square_shop, hellmonk_ecumenical_altar_heavens_door,
          minmay_misc_feat_x, st_stairs_3
D:2:      layout_basic, serial_shops, shop, kennysheep_generic_room_7
D:3:      kennysheep_big_flooded_room, layout_rooms, serial_shops, shop
D:4:      corexii_shack_village, layout_cave_pools

Skill      XL: |  1  2  3  4  5  6 |
---------------+-------------------+-----
Armour         | 2 3 |  3.8
Shields        | 1 2 3 |  3.4
Axes           | 3 4 |  4.0
Translocations | 3 |  3.6
Fighting       | |  2.1
Throwing       | |  1.0
Dodging        | |  1.7
Spellcasting   | |  2.1

Action                   |  1- 3 |  4- 6 || total
-------------------------+-------+-------++-------
Melee: Hand axe          |   122 |   220 ||   342
  Use: Potion            |       |     1 ||     1
Armor: Leather armour    |    24 |       ||    24
       Scale mail        |     9 |       ||     9
       Ring mail         |     3 |   107 ||   110
Dodge: Dodged            |    64 |   153 ||   217
Block: Buckler           |    21 |    52 ||    73
